 Dungeon Crawl Stone Soup version 0.30-a0-956-gcec3b41aec (webtiles) character file.

Game seed: 10113347696655067671

3007 cforsyth the Basher (level 10, -4/83 HPs)
             Began as a Formicid Fighter on Mar 30, 2023.
             Was a Follower of Ru.
             Succumbed to a hornet's poison
             ... on level 8 of the Dungeon.
             The game lasted 00:12:16 (9537 turns).

cforsyth the Basher (Formicid Fighter)              Turns: 9537, Time: 00:12:16

Health: -4/83      AC:  9    Str: 32    XL:     10   Next: 10%
Magic:  10/10      EV:  9    Int: 12    God:    Ru [*.....]
Gold:   328        SH:  7    Dex: 15    Spells: 9/9 levels left

rFire   . . .      SeeInvis +    u - +4 morningstar (freeze)
rCold   . . .      Faith    .    y - +2 buckler
rNeg    . . .      Spirit   .    b - +0 scale mail
rPois   .          Reflect  .    (helmet unavailable)
rElec   .          Rampage  .    C - scarf "Busaunlawi" {shadows, Str+5}
rCorr   +                        x - +0 pair of gloves
Will    ++...                    j - +0 pair of boots Stlth
                                 (no amulet)
HPRegen 0.33/turn                o - ring of willpower
MPRegen 0.12/turn                t - ring "Aney" {rCorr Str+3 Int+3 Dex+2}

@: lethally poisoned (-4 -> -36)
A: permanent stasis, dig shafts and tunnels, antennae 3, screaming 1, no ice
magic, no translocations magic, no transmutations magic, four strong arms
a: Dig, Shaft Self, Renounce Religion


You were on level 8 of the Dungeon.
You worshipped Ru.
Ru was aware of your devotion.
You visited 2 branches of the dungeon, and saw 9 of its levels.

You collected 433 gold pieces.
You spent 105 gold pieces at shops.

Inventory:

Hand Weapons
 a - a +0 flail
 s - a +4 dire flail
 u - a +4 morningstar of freezing (weapon)
 F - a +3 dire flail of holy wrath
Missiles
 B - 2 throwing nets
Armour
 b - a +0 scale mail (worn)
 j - a +0 pair of boots (worn)
 x - a +0 pair of gloves (worn)
 y - a +2 buckler (worn)
 C - the scarf "Busaunlawi" (worn) {shadows, Str+5}
   (You found it on level 5 of the Dungeon)

   Str:       It affects your strength (+5).
Jewellery
 h - a ring of ice
 o - a ring of willpower (left hand)
 t - the ring "Aney" (right hand) {rCorr Str+3 Int+3 Dex+2}
   (You bought it in a shop on level 1 of the Dungeon)

   [ring of resist corrosion]

   Str:       It affects your strength (+3).
   Int:       It affects your intelligence (+3).
   Dex:       It affects your dexterity (+2).
   rCorr:     It protects you from acid and corrosion.
 w - a ring of ice
Wands
 r - a wand of acid (4)
 E - a wand of flame (20)
 G - a wand of roots (11)
Scrolls
 g - a scroll of blinking {unknown}
 i - a scroll of enchant weapon
 k - a scroll of summoning {unknown}
 m - a scroll of vulnerability
 v - a scroll of amnesia {unknown}
 z - a scroll of fog {unknown}
 A - a scroll of magic mapping
Potions
 c - 3 potions of attraction
 d - 2 potions of might
 e - 2 potions of heal wounds {unknown}
 f - 3 potions of curing {unknown}
 l - 2 potions of flight {unknown}
 n - a potion of brilliance {unknown}
 p - a potion of ambrosia {unknown}
 q - a potion of invisibility {unknown}
 D - a potion of haste {unknown}


   Skills:
 + Level 9.1 Fighting
 * Level 11.1 Maces & Flails
 - Level 3.2 Armour
 - Level 4.0 Shields


You had 9 spell levels left.
You didn't know any spells.
Your spell library contained the following spells:

 Spells                   Type           Power      Damage    Failure   Level
 Slow                     Hex            0%         N/A       63%         1
 Cigotuvi's Dreadful Rot  Necr/Pois/Air  0%         N/A       77%         2
 Confusing Touch          Hex            0%         N/A       94%         3
 Vampiric Draining        Necr           0%         2d6       94%         3
 Cause Fear               Hex            0%         N/A       100%        4
 Dispel Undead            Necr           0%         3d6       100%        4
 Conjure Ball Lightning   Conj/Air       0%         3x3d6     100%        6
 Death Channel            Necr           0%         N/A       100%        6
 Discord                  Hex            0%         N/A       100%        8
 Dragon's Call            Summ           0%         N/A       100%        9
 Apportation              Tloc           Unusable   N/A       N/A         1
 Alistair's Intoxication  Tmut/Pois      Unusable   N/A       N/A         5
 Dragon Form              Tmut           Unusable   N/A       N/A         7
 Disjunction              Tloc           Unusable   N/A       N/A         8

Dungeon Overview and Level Annotations

Branches:
Dungeon (8/15)             Temple (1/1) D:4
   Lair: D:8-11

Altars:
Ashenzari
Cheibriados
Dithmenos
Elyvilon
Fedhas
Gozag
Hepliaklqana
Kikubaaqudgha
Nemelex Xobeh
Okawaru
Qazlal
Ru
Sif Muna
Trog
Uskayaw
Wu Jian
Xom
Yredelemnul
Zin
The Shining One

Shops:
D:1 *


Innate Abilities, Weirdness & Mutations

You cannot be hasted, slowed, berserked, paralysed or teleported.
You can dig through walls and to a lower floor.
You have a pair of large antennae on your head. (SInv)
You occasionally shout uncontrollably at your foes.
You cannot study or cast Ice magic.
You cannot study or cast Translocations magic.
You cannot study or cast Transmutations magic.
Your four strong arms can wield two-handed weapons with a shield.


Message History

Your stasis prevents you from being slowed.
You hit the hornet. You freeze the hornet.
The hornet is moderately wounded.
You feel very sick. The hornet stings you.
You are more poisoned.
Your stasis prevents you from being slowed.
The hornet stings you.
Your stasis prevents you from being slowed.
You closely miss the hornet.
The hornet is moderately wounded.
You feel extremely sick.
The hornet stings you but does no damage.
You block the orc's attack.
You miss the hornet.
The hornet is moderately wounded.
You feel very sick. The hornet stings you!
You are more poisoned.
Your stasis prevents you from being slowed.
The hornet stings you!
* * * LOW HITPOINT WARNING * * *
Your stasis prevents you from being slowed.
You block the orc's attack. The orc hits you with a +0 flail.
* * * LOW HITPOINT WARNING * * *
You puncture the hornet! You freeze the hornet.
The hornet is severely wounded.
* * * LOW HITPOINT WARNING * * *
You feel very sick. The hornet stings you!
* * * LOW HITPOINT WARNING * * *
You are more poisoned.
Your stasis prevents you from being slowed.
The orc hits you but does no damage. x2
Hit: u) +4 morningstar (freeze)
Press: ? - help, Dir - move target, f - hornet
Aim: a hornet (severely wounded, about 43% to evade your +4 morningstar of freezing)
You completely miss the hornet.
The hornet is severely wounded.
You die...

########....########
............#......##
............#.......#
............#....<..#
#########....##.......#
###....####....##.......#
...............#........#
...........o...#........#
...........y@..#........#
###...###.o.####.###########
#...###...####.#.....#...#
....o............#.....'...#
..................#.....#...#
..................'.....#...#
..................#.....#...#
..o.o.............#.....#...#
.....>......#.....#...#


You could see a hornet and 2 orcs.

Vanquished Creatures
  A steam dragon (D:6)
  A water moccasin (D:7)
  Edmund (D:6)
  Duvessa (D:6)
  An ice beast (D:6)
  2 sky beasts (D:6)
  2 black bears
  4 ogres
  2 centaurs (D:7)
  A phantom (D:7)
  2 kobold brigands
  A gnoll sergeant (D:4)
  A bullfrog (D:7)
  2 scorpions (D:5)
  9 wights (D:7)
  Dowan (D:6)
  4 hounds (D:5)
  An orc priest (D:6)
  A jelly (D:6)
  A sleepcap (D:5)
  4 iguanas
  3 orc wizards
  5 adders
  3 gnolls
  3 shadow imps
  5 white imps
  2 ufetubi (D:6)
  2 worms
  3 dart slugs
  13 orcs
  7 ball pythons
  3 bats (D:2)
  6 endoplasms
  3 giant cockroaches
  5 goblins
  12 hobgoblins
  16 jackals
  2 quokkas
  10 frilled lizards
  23 kobolds
  2 rats
171 creatures vanquished.

Notes
Turn   | Place    | Note
-------+----------+-------------------------------------------
     0 | D:1      | cforsyth the Formicid Fighter began the quest for the Orb.
     0 | D:1      | Reached XP level 1. HP: 18/18 MP: 1/1
    42 | D:1      | Reached XP level 2. HP: 10/24 MP: 2/2
   229 | D:1      | Found Xoikycs's Assorted Antiques.
   262 | D:1      | Found a faded altar of an unknown god.
   313 | D:1      | Reached XP level 3. HP: 30/30 MP: 3/3
   328 | D:1      | Reached skill level 3 in Maces & Flails
   499 | D:2      | Found a shimmering altar of Xom.
   699 | D:2      | Reached XP level 4. HP: 26/37 MP: 4/4
  1522 | D:1      | Bought a twitching lead ring for 105 gold pieces
  1522 | D:1      | Identified the ring "Aney" {rCorr Str+3 Int+3 Dex+2} (You
                  | bought it in a shop on level 1 of the Dungeon)
  2148 | D:3      | Found a faded altar of an unknown god.
  2152 | D:3      | Found a glowing golden altar of the Shining One.
  2199 | D:3      | Reached skill level 4 in Maces & Flails
  2553 | D:4      | Found a staircase to the Ecumenical Temple.
  2601 | D:4      | Reached XP level 5. HP: 42/42 MP: 5/5
  2640 | Temple   | Entered the Ecumenical Temple
  2846 | Temple   | Became a worshipper of Ru the Awakened
  2882 | D:4      | Found a bloodstained altar of Trog.
  3001 | D:4      | Noticed an ogre
  3006 | D:4      | Killed an ogre
  3007 | D:4      | Reached XP level 6. HP: 18/50 MP: 6/6
  3132 | D:4      | Reached skill level 5 in Maces & Flails
  3541 | D:4      | Found the +7 Throatcutter {drain, coup de grace}
  3618 | D:5      | Entered Level 5 of the Dungeon
  3697 | D:5      | Reached skill level 5 in Fighting
  3774 | D:4      | Reached XP level 7. HP: 14/56 MP: 7/7
  4486 | D:5      | Reached skill level 6 in Maces & Flails
  4748 | D:5      | Gained mutation: You cannot study or cast Ice magic. [Ru
                  | sacrifice]
  4748 | D:5      | Gained mutation: You cannot study or cast Transmutations
                  | magic. [Ru sacrifice]
  4748 | D:5      | Gained mutation: You cannot study or cast Translocations
                  | magic. [Ru sacrifice]
  4748 | D:5      | Reached * piety under Ru
  5033 | D:5      | Reached skill level 7 in Maces & Flails
  5033 | D:5      | Reached XP level 8. HP: 51/64 MP: 8/8
  5281 | D:5      | Identified the scarf "Busaunlawi" {shadows, Str+5}
  6193 | D:6      | Reached skill level 8 in Maces & Flails
  6692 | D:6      | Noticed Edmund
  6706 | D:6      | Killed Edmund
  6838 | D:6      | Noticed Dowan
  6940 | D:5      | Reached XP level 9. HP: 72/72 MP: 9/9
  7246 | D:6      | Reached skill level 9 in Maces & Flails
  7345 | D:6      | Noticed Duvessa
  7386 | D:6      | Killed Duvessa
  7796 | D:6      | Killed Dowan
  8127 | D:6      | Reached skill level 10 in Maces & Flails
  8688 | D:7      | Gained mutation: You occasionally shout uncontrollably at
                  | your foes. [Ru sacrifice]
  8904 | D:7      | Reached XP level 10. HP: 59/81 MP: 10/10
  9282 | D:7      | Reached skill level 11 in Maces & Flails
  9536 | D:8      | HP: 3/83 [hornet (10)]
  9537 | D:8      | Succumbed to a hornet's poison

Illustrated notes

Levels and vault maps discovered:
D:1:      minmay_arrival_four_circles, layout_rooms, serial_shops, shop,
          dreamdust_ecumenical_altar_statues
D:2:      layout_rooms, basic_altar, lightli_corner_chamber
D:3:      layout_basic, nicolae_overflow_ecumenical_swirl, serial_bayou_lagoon_a
D:4:      cheibrodos_thug_alley, layout_basic, trog_three_pillars_becter,
          temple_fountains, dilly_guarded_unrand_throatcut
D:5:      layout_loops_ring, chequers_serial_rivers_micro_c
D:6:      layout_basic, uniq_duvessa, uniq_edmund
D:7:      layout_basic
D:8:      layout_gridville, lemuel_crystal_altar, uniq_pikel
Temple:   nicolae_temple_bog_church

Skill      XL: |  1  2  3  4  5  6  7  8  9 10 |
---------------+-------------------------------+-----
Maces & Flails | 3 4 5 7 8 10 11 | 11.1
Fighting       | 4 5 6 7 8 9 |  9.1
Armour         | |  3.2
Shields        | |  4.0

Action                     |  1- 3 |  4- 6 |  7- 9 | 10-12 || total
---------------------------+-------+-------+-------+-------++-------
  Melee: Flail             |    80 |   156 |   212 |       ||   448
         Dire flail        |       |       |   102 |       ||   102
         Morningstar       |       |       |       |    23 ||    23
 Invoke: Sacrifice Arcana  |       |       |     1 |       ||     1
         Sacrifice Purity  |       |       |     1 |       ||     1
Ability: Dig               |       |       |     1 |       ||     1
  Evoke: Wand              |       |     1 |     3 |       ||     4
    Use: Scroll            |       |       |     7 |       ||     7
   Stab: Distracted        |       |       |     1 |       ||     1
 Armour: Scale mail        |    26 |    60 |   104 |     7 ||   197
  Dodge: Dodged            |    41 |    47 |   117 |     5 ||   210
  Block: Buckler           |    26 |    43 |    95 |     7 ||   171

Table legend: (Time is in decaauts)
 A = Elapsed time spent in this place.
 B = Non-inter-level travel time spent in this place.
 C = Inter-level travel time spent in this place.
 D = Time resting spent in this place.
 E = Time spent auto-exploring this place.
 F = Levels seen in this place.
 G = Mean time per level.
                   A        B        C        D        E       F      G
               +--------+--------+--------+--------+--------+-----+--------+
         Total |   9628 |   8902 |    726 |   1229 |   6047 |   9 | 1069.8 |
       Dungeon |   9400 |   8707 |    693 |   1229 |   5865 |   8 | 1175.0 |
        Temple |    228 |    196 |     32 |      0 |    182 |   1 |  228.0 |
               +--------+--------+--------+--------+--------+-----+--------+

Top non-repeatable levels by time:
     D:4: 2102 daAuts
     D:6: 1721 daAuts
     D:5: 1653 daAuts
     D:7: 1185 daAuts
     D:3: 1158 daAuts
     D:2: 847 daAuts
     D:1: 656 daAuts
  Temple: 228 daAuts
     D:8: 75 daAuts
